 Dungeon Crawl Stone Soup version 0.24.0-37-gcf1ca852f1 (webtiles) character file.

Game seed: 3690607736754685232, levelgen mode: deterministic

1548792 kaycho the Invulnerable (level 27, 254/266 HPs)
             Began as a Barachi Fighter on Nov 29, 2019.
             Was an Initiate of Gozag.
             Escaped with the Orb
             ... and 3 runes on Nov 30, 2019!
             The game lasted 04:55:56 (81959 turns).

kaycho the Invulnerable (Barachi Fighter)          Turns: 81959, Time: 04:55:56

Health: 254/266    AC: 37    Str: 30    XL:     27
Magic:  26/27      EV: 30    Int: 14    God:    Gozag
Gold:   1467       SH: 19    Dex: 23    Spells: 36/44 levels left

rFire    + + +     SeeInvis .   w - +6 demon blade of Futwequc {freeze, Int+4}
rCold    . . .     Gourm    .   P - +3 shield of the Blessed Realm {rPois}
rNeg     + + .     Faith    .   r - +4 chain mail of Dice, Bag, and Bottle {rCorr Str-2 Dex+8 Slay+6}
rPois    +         Spirit   +   i - +1 helmet "Gyal" {rElec rCorr}
rElec    +         Reflect  .   D - scarf {rC+ rF+}
rCorr    +         Harm     .   t - +2 pair of gloves {archery}
MR       ++++.                  O - +0 pair of boots of Fios {rF++ MP-9}
Stlth    ..........             Z - amulet "Pygom" {Spirit Str+4}
HPRegen  0.54/turn              E - ring "Zeso" {+Blink rN+ AC+6}
MPRegen  0.20/turn              U - ring "Tenuafax" {Fire rN+ MR++ Dex+2}

@: slow
A: +LOS, swims, talons 1, robust 1, slowness 1, strong legs 2
0: Orb of Zot
}: 3/15 runes: barnacled, silver, gossamer
a: Hop, Potion Petition, Call Merchant, Bribe Branch, Renounce Religion, Evoke
Blink


You escaped.
You worshipped Gozag.
Gozag was most pleased with you.
You were hungry.

You visited 10 branches of the dungeon, and saw 50 of its levels.
You visited 1 bazaar.
You also visited: Ice Cave and Volcano.

You collected 32128 gold pieces.
You spent 4623 gold pieces at shops.
You paid 26038 gold pieces to Gozag.

Inventory:

Hand Weapons
 b - the +9 long sword "Monwot" {freeze, rC+ MP+9 Dex+4 Stlth+}
   (You bought it in a shop on level 2 of the Orcish Mines)

   It has been specially enchanted to freeze those struck by it, causing extra
   injury to most foes and up to half again as much damage against particularly
   susceptible opponents.
   It can also slow down cold-blooded creatures.
   It affects your dexterity (+4).
   It protects you from cold.
   It affects your magic capacity (+9).
   It makes you more stealthy.
 w - the +6 demon blade of Futwequc (weapon) {freeze, Int+4}
   (You bought it in a shop in a bazaar)

   It has been specially enchanted to freeze those struck by it, causing extra
   injury to most foes and up to half again as much damage against particularly
   susceptible opponents.
   It can also slow down cold-blooded creatures.
   It affects your intelligence (+4).
 L - the +9 hand axe of Abuse {holy, Fragile rElec rN+++ Str+3}
   (You took it off a deep elf mage on level 3 of the Elven Halls)

   It has been blessed by the Shining One to cause great damage to the undead
   and demons.
   It affects your strength (+3).
   It insulates you from electricity.
   It renders you almost immune to negative energy.
   It will be destroyed if unequipped.
Missiles
 q - 32 poisoned darts (quivered)
Armour
 i - the +1 helmet "Gyal" (worn) {rElec rCorr}
   (You bought it in a shop on level 2 of the Orcish Mines)

   It insulates you from electricity.
   It provides partial protection from all sources of acid and corrosion.
 r - the +4 chain mail of Dice, Bag, and Bottle (worn) {rCorr Str-2 Dex+8 Slay+6}
   (You bought it in a shop on level 4 of the Lair of Beasts)

   It affects your strength (-2).
   It affects your dexterity (+8).
   It affects your accuracy and damage with ranged weapons and melee attacks
   (+6).
   It provides partial protection from all sources of acid and corrosion.
 t - a +2 pair of gloves of archery (worn)
   (You bought it in a shop on level 2 of the Orcish Mines)
 D - a scarf of resistance (worn)
   (You found it on level 8 of the Dungeon)
 O - the +0 pair of boots of Fios (worn) {rF++ MP-9}
   (You found it on level 1 of the Vaults)

   It greatly protects you from fire.
   It affects your magic capacity (-9).
 P - the +3 shield of the Blessed Realm (worn) {rPois}
   (You found it on level 4 of the Shoals)

   It protects you from poison.
Jewellery
 E - the ring "Zeso" (left hand) {+Blink rN+ AC+6}
   (You took it off a deep elf mage on level 3 of the Elven Halls)

   [ring of protection]

   It affects your AC (+6).
   It protects you from negative energy.
   It lets you blink.
 S - the ring "Cexiatoi" {rPois rN++ MR+ Str-4 SInv}
   (You found it on level 9 of the Dungeon)

   [ring of protection from magic]

   It affects your strength (-4).
   It protects you from poison.
   It greatly protects you from negative energy.
   It affects your resistance to hostile enchantments.
   It lets you see invisible.
 U - the ring "Tenuafax" (right hand) {Fire rN+ MR++ Dex+2}
   (You found it in an ice cave)

   [ring of fire]

   It enhances your fire magic.
   It affects your dexterity (+2).
   It protects you from fire.
   It makes you vulnerable to cold.
   It protects you from negative energy.
   It affects your resistance to hostile enchantments.
 Y - an uncursed amulet of rage
   (You found it on level 5 of the Realm of Zot)
 Z - the amulet "Pygom" (around neck) {Spirit Str+4}
   (You found it on level 4 of the Shoals)

   [amulet of guardian spirit]

   It causes incoming damage to be split between your health and magic.
   It affects your strength (+4).
Wands
 c - a wand of disintegration (28)
   (You found it on level 13 of the Dungeon)
 d - a wand of iceblast (65)
   (You took it off a gnoll on level 3 of the Dungeon)
 s - a wand of clouds (6)
   (You found it on level 5 of the Depths)
 u - a wand of paralysis (13)
   (You took it off an ironbrand convoker on level 1 of the Vaults)
 v - a wand of digging (30)
   (You found it on level 2 of the Lair of Beasts)
 x - a wand of acid (30)
   (You found it on level 15 of the Dungeon)
 C - a wand of enslavement (20)
   (You found it on level 2 of the Dungeon)
 R - a wand of polymorph (19)
   (You found it on level 9 of the Dungeon)
Scrolls
 f - 5 scrolls of blinking
 m - 4 scrolls of vulnerability {!r}
 n - 15 scrolls of identify {@r1}
 o - 7 scrolls of enchant weapon
 p - 22 scrolls of remove curse {@r2}
 y - 8 scrolls of enchant armour
 B - 15 scrolls of magic mapping
 F - 12 scrolls of fog
 G - 2 scrolls of summoning
 J - 7 scrolls of fear
 K - 21 scrolls of teleportation {@r4}
 Q - 3 scrolls of silence
 X - a scroll of immolation {!r}
Potions
 a - 11 potions of lignification {!q}
 g - 3 potions of invisibility
 h - 4 potions of ambrosia
 j - 8 potions of might
 k - 3 potions of resistance
 l - 5 potions of cancellation
 A - a potion of heal wounds {@q2}
 H - 12 potions of brilliance
 I - 16 potions of flight
 M - 16 potions of curing {@q1}
 N - 4 potions of haste {@q3}
 T - a potion of magic
 V - 5 potions of agility
Miscellaneous
 z - a lamp of fire
   (You found it on level 6 of the Lair of Beasts)
 W - 4 phantom mirrors
Comestibles
 e - 19 rations {!d}


   Skills:
 + Level 25.4 Fighting
   Level 6.5(10.4) Short Blades
 - Level 13.3(14.0) Long Blades
 - Level 6.0 Throwing
 O Level 27 Armour
 + Level 24.6 Dodging
 - Level 5.0 Stealth
 - Level 15.0 Shields
 - Level 9.0 Spellcasting
 - Level 11.0 Hexes
 - Level 13.0 Summonings
 - Level 10.0 Air Magic


You had 36 spell levels left.
You knew the following spells:

 Your Spells              Type           Power        Failure   Level  Hunger
a - Confusing Touch       Hex            #####.       1%          1    None
t - Spectral Weapon       Hex/Chrm       ###.....     7%          3    ##.....
z - Summon Lightning Spi  Summ/Air       #####...     1%          4    ####...

Your spell library contained the following spells:

 Spells                   Type           Power        Failure   Level  Hunger
 Corona                   Hex            #####..      1%          1    None
 Summon Butterflies       Summ           #####...     1%          1    None
 Summon Small Mammal      Summ           ####         1%          1    None
 Call Imp                 Summ           #####...     1%          2    None
 Slow                     Hex            #####...     1%          2    None
 Call Canine Familiar     Summ           #####...     1%          3    ##.....
 Confuse                  Hex            #####...     1%          3    ##.....
 Summon Guardian Golem    Hex/Summ       #####...     1%          3    ##.....
 Tukima's Dance           Hex            #####...     1%          3    ##.....
 Cause Fear               Hex            #####.....   2%          4    ####...
 Shock                    Conj/Air       ###.         3%          1    None
 Ensorcelled Hibernation  Hex/Ice        ###...       3%          2    None
 Airstrike                Air            ####......   3%          4    ####...
 Poisonous Vapours        Pois/Air       ###...       4%          2    None
 Swiftness                Chrm/Air       ###.....     4%          2    None
 Recall                   Summ/Tloc      N/A          4%          3    ##.....
 Summon Mana Viper        Hex/Summ       #####...     4%          5    #####..
 Dazzling Spray           Conj/Hex       ###...       7%          3    ##.....
 Inner Flame              Hex/Fire       ####....     7%          3    ##.....
 Portal Projectile        Hex/Tloc       ###...       7%          3    ##.....
 Silence                  Hex/Air        #####.....   9%          5    #####..
 Summon Ice Beast         Ice/Summ       ###.....     16%         4    ####...
 Mephitic Cloud           Conj/Pois/Air  ###.....     17%         3    ##.....
 Shadow Creatures         Summ           N/A          17%         6    #######
 Animate Skeleton         Necr           N/A          22%         1    None
 Apportation              Tloc           #.....       22%         1    None
 Beastly Appendage        Tmut           #.....       22%         1    None
 Flame Tongue             Conj/Fire      #....        22%         1    None
 Pain                     Necr           #...         22%         1    None
 Sandblast                Erth           #.....       22%         1    None
 Sting                    Conj/Pois      #...         22%         1    None
 Leda's Liquefaction      Hex/Erth       ###.......   24%         4    ####...
 Corpse Rot               Necr           N/A          34%         2    None
 Passwall                 Tmut/Erth      #.......     34%         2    None
 Shroud of Golubria       Chrm/Tloc      #.....       34%         2    None
 Sticks to Snakes         Tmut           #.......     34%         2    None
 Sublimation of Blood     Necr           #.........   34%         2    None
 Throw Flame              Conj/Fire      #.....       34%         2    None
 Darkness                 Hex            #####.....   36%         6    #######
 Summon Forest            Summ/Tloc      ###.......   41%         5    #####..
 Conjure Flame            Conj/Fire      #.......     56%         3    ##.....
 Ignite Poison            Fire/Tmut/Pois #.......     56%         3    ##.....
 Lesser Beckoning         Tloc           #.........   56%         3    ##.....
 Ozocubu's Armour         Chrm/Ice       #.......     56%         3    ##.....
 Regeneration             Chrm/Necr      #.........   56%         3    ##.....
 Spider Form              Tmut/Pois      #.........   56%         3    ##.....
 Stone Arrow              Conj/Erth      #.....       56%         3    ##.....
 Teleport Other           Tloc           #.......     56%         3    ##.....
 Vampiric Draining        Necr           #.........   56%         3    ##.....
 Lightning Bolt           Conj/Air       ###.......   63%         5    #####..
 Summon Hydra             Summ           #####.....   67%         7    #######
 Animate Dead             Necr           N/A          92%         4    ####...
 Force Lance              Conj/Tloc      #.......     92%         4    ####...
 Ice Form                 Ice/Tmut       #.......     92%         4    ####...
 Olgreb's Toxic Radiance  Pois           #.......     92%         4    ####...
 Petrify                  Tmut/Erth      #.......     92%         4    ####...
 Sticky Flame             Conj/Fire      #.......     92%         4    ####...
 Agony                    Necr           #.......     99%         5    #####..
 Alistair's Intoxication  Tmut/Pois      #.......     99%         5    #####..
 Blade Hands              Tmut           #.........   99%         5    #####..
 Bolt of Draining         Conj/Necr      #.........   99%         5    #####..
 Bolt of Magma            Conj/Fire/Erth #.........   99%         5    #####..
 Borgnjor's Vile Clutch   Necr/Erth      #.........   99%         5    #####..
 Dispel Undead            Necr           #.......     99%         5    #####..
 Excruciating Wounds      Chrm/Necr      #.........   99%         5    #####..
 Fireball                 Conj/Fire      #.........   99%         5    #####..
 Irradiate                Conj/Tmut      #.........   99%         5    #####..
 Iskenderun's Battlesphe  Conj/Chrm      #.......     99%         5    #####..
 Lee's Rapid Deconstruct  Erth           #.........   99%         5    #####..
 Venom Bolt               Conj/Pois      #.........   99%         5    #####..
 Conjure Ball Lightning   Conj/Air       ###.......   99%         6    #######
 Deflect Missiles         Chrm/Air       ###.......   99%         6    #######
 Bolt of Fire             Conj/Fire      #.........   100%        6    #######
 Death Channel            Necr           #.........   100%        6    #######
 Dispersal                Tloc           #.........   100%        6    #######
 Hydra Form               Tmut           #.........   100%        6    #######
 Iron Shot                Conj/Erth      #.........   100%        6    #######
 Poison Arrow             Conj/Pois      #.........   100%        6    #######
 Simulacrum               Ice/Necr       #.........   100%        6    #######
 Statue Form              Tmut/Erth      #........    100%        6    #######
 Dragon Form              Tmut           #.........   100%        7    #######
 Malign Gateway           Summ/Tloc      ###.......   100%        7    #######
 Orb of Destruction       Conj           #.........   100%        7    #######
 Ring of Flames           Chrm/Fire      #.........   100%        7    #######
 Spellforged Servitor     Conj/Summ      ###.......   100%        7    #######
 Chain Lightning          Conj/Air       ###.......   100%        8    #######
 Lehudib's Crystal Spear  Conj/Erth      #.........   100%        8    #######
 Dragon's Call            Summ           #####.....   100%        9    #######
 Fire Storm               Conj/Fire      #.........   100%        9    #######
 Glaciate                 Conj/Ice       #.........   100%        9    #######


Dungeon Overview and Level Annotations

Branches:
Dungeon (15/15)            Temple (1/1) D:6            Lair (6/6) D:8
 Shoals (4/4) Lair:4       Spider (4/4) Lair:3        Slime (0/5) Lair:6
    Orc (2/2) D:11            Elf (3/3) Orc:2        Vaults (5/5) D:14
  Crypt (0/3) Vaults:2     Depths (5/5) D:15            Zot (5/5) Depths:5
  IceCv (visited)         Volcano (visited)

Altars:
Ashenzari
Cheibriados
Dithmenos
Elyvilon
Fedhas
Gozag
Hepliaklqana
Kikubaaqudgha
Makhleb
Nemelex Xobeh
Okawaru
Qazlal
Ru
Sif Muna
Trog
Uskayaw
Vehumet
Wu Jian
Xom
Yredelemnul
Zin
The Shining One
Beogh
Jiyva

Shops:
D:9 :   D:15 *   Orc:2 :([*   Elf:3 (??[(   Lair:4 [   Vaults:1 (   Vaults:2 *
Zot:2 *   Depths:4 [[(   Depths:5 **=*

Portals:
Hell: Depths:1 Depths:2 Depths:3 Depths:4 Depths:5
Abyss: Depths:1 Depths:4
Pandemonium: Depths:3
Ziggurat: Depths:3
Trove: D:13 (give 7 scrolls of blinking)


Innate Abilities, Weirdness & Mutations

Shadows flee at your approach. (+LOS)
You can swim through water.
You cover ground slowly.
You can hop long distances.
You have sharp toenails.
You are robust. (+10% HP)


Message History

You block the rakshasa's attack. You block the Orb Guardian's attack.
The rakshasa weaves an illusion.
The Orb Guardian shimmers and seems to become two!
The Orb Guardian misses you.
There is a stone staircase leading up here.
You block the Orb Guardian's attack.
The rakshasa blinks!
You climb upwards.
There is a stone staircase leading down here.
You slice the Orb Guardian!! You freeze the Orb Guardian.
You block the Orb Guardian's attack.
You miss the Orb Guardian. The Orb Guardian hits you!
You barely miss the Orb Guardian. You block the Orb Guardian's attack.
You slice the Orb Guardian!! You freeze the Orb Guardian!
You block the Orb Guardian's attack.
You slice the Orb Guardian!! You freeze the Orb Guardian!
You kill the Orb Guardian!
You now have 1464 gold pieces (gained 22).
You see here a +0 club.
A neqoxec comes into view.
You see here a +0 club.
The neqoxec completely misses you.
You slash the neqoxec! You freeze the neqoxec. You slash the neqoxec!
You freeze the neqoxec. The neqoxec closely misses you.
You slash the neqoxec! You freeze the neqoxec. You block the neqoxec's attack.
You completely miss the neqoxec. You cut the neqoxec into ribbons!!!
You freeze the neqoxec.
You kill the neqoxec!
You are feeling hungry.
You now have 1467 gold pieces (gained 3).
An efreet comes into view.
It is wielding a +2 scimitar of flaming.
A hellephant comes into view.
The hellephant blinks!
The hellephant blinks!
The hellephant misses you.
The hellephant bites you but does no damage.
The hellephant barely misses you.
There is an open door here.
The hellephant blinks!
The hellephant blinks!
The efreet gestures at you. The bolt of fire hits you. You resist.
The hellephant blinks!
The hellephant blinks!
The hellephant barely misses you.
You riposte.
You hit the hellephant but do no damage.
The hellephant closely misses you. x2
The hellephant breathes flames at you. The blast of flame hits you! You resist.
There is a staircase leading out of the dungeon here.
You have escaped!

#.#
#####'##### #
#.........# #
##....°....##
#
#8....R....8#
#
#...........#
#
#8.........8#
#
##....Y....##
# ####8@8####
# ##### # # #
# # #


You could see a hellephant and an efreet.

Vanquished Creatures
  2 ancient liches (Zot:5)
  Mara (Elf:3)
  Mennas (Vaults:5)
  A juggernaut (Depths:3)
  Sojobo (Vaults:2)
  Frederick (Depths:4)
  Bai Suzhen (Shoals:3)
  2 Killer Klowns (Zot:5)
  A caustic shrike (Depths:3)
  4 curse toes
  A profane servitor (Zot:1)
  11 golden dragons
  A bone dragon (Depths:5)
  Jory (Depths:4)
  the Enchantress (Depths:2)
  2 electric golems
  14 tentacled monstrosities
  13 Orb Guardians
  2 titans (Vaults:5)
  2 liches
  The ghost of Bogie the Martial Artist, an adept GnTm of Sif Muna (Spider:2)
  10 quicksilver dragons
  3 deep elf master archers (Elf:3)
  3 deep elf blademasters (Elf:3)
  Frances (D:14)
  2 sphinxes
  An ancient champion (Vaults:2)
  2 krakens (Shoals:4)
  Gastronok (D:10)
  7 death cobs
  5 shadow dragons
  6 tengu reavers
  13 storm dragons
  Ilsuiw (Shoals:3)
  Donald (Shoals:1)
  3 fire giants
  6 draconian monks
  7 ghost moths
  8 frost giants
  6 deep elf sorcerers
  8 draconian shifters
  An iron dragon (Depths:3)
  11 vault wardens
  5 draconian knights
  3 draconian scorchers
  3 orc warlords
  7 deep elf elementalists
  2 balrugs
  7 emperor scorpions
  The ghost of Mesmaeker13 the Scorcher, a journeyman DrCj of Hepliaklqana (D:13)
  4 draconian stormcallers
  2 ghouls
  13 ironheart preservers
  29 very ugly things
  The ghost of mahrnol the Blocker, a journeyman DsCK of Xom (Lair:4)
  5 spriggan defenders
  3 war gargoyles
  3 draconian annihilators (Zot:2)
  10 deep elf demonologists
  13 stone giants
  5 vampire knights
  The ghost of 00Nightcrawler the Fighter, a journeyman VSTm of Dithmenos (D:12)
  3 entropy weavers
  10 green draconians
  Azrael (D:15)
  11 white draconians
  13 yellow draconians
  8 purple draconians
  8 black draconians
  5 spark wasps
  7 red draconians
  9 deep elf annihilators
  6 merfolk javelineers (Shoals:4)
  The ghost of Aricsoirch the Bludgeoner, a journeyman GrFi of Okawaru (Lair:4)
  A crystal guardian (Vaults:3)
  11 fire dragons
  5 deep elf death magi
  2 jiangshi (Depths:3)
  7 merfolk impalers
  7 ettins
  6 deep elf high priests
  Fannar (D:11)
  7 great orbs of eyes
  6 yaktaur captains
  3 rakshasas
  Erolcha (D:10)
  The ghost of HilariousDeathArtist the Fighter, a journeyman VSBe of Trog (D:13)
  18 vault guards
  The ghost of p0werm0de the Grappler, a journeyman VSWn of Xom (D:12)
  A merfolk avatar (Shoals:4)
  5 spriggan air magi
  12 ice dragons
  7 hydras
  9 centaur warriors
  An alligator snapping turtle (Shoals:4)
  35 two-headed ogres
  5 merfolk aquamancers (Shoals:4)
  2 satyrs (Shoals:4)
  3 death yaks
  5 death knights
  5 tengu warriors
  12 ogre magi
  2 hell hogs (Depths:1)
  3 spriggan berserkers
  3 vampire magi
  6 deep troll shamans
  2 orc high priests
  25 deep elf knights
  Urug (D:10)
  A soul eater (Depths:2)
  5 deep troll earth magi
  A hell knight (Volcano)
  A salamander mystic (Depths:1)
  5 sun demons
  15 sea snakes
  A shadow wraith (Vaults:5)
  9 skeletal warriors
  An iron troll (Depths:2)
  An unseen horror (shapeshifter) (Vaults:5)
  6 glowing orange brains
  15 deep trolls
  3 unseen horrors
  An infernal demonspawn (Depths:3)
  5 flayed ghosts
  16 ironbrand convokers
  3 wizards
  Pikel (D:4)
  A lindwurm (shapeshifter) (Vaults:4)
  14 deep elf archers
  5 phantasmal warriors
  2 necromancers
  A wolf spider zombie (D:15)
  68 deep elf magi
  3 lindwurms
  25 ugly things
  A wolf spider (shapeshifter) (Vaults:4)
  15 orc knights
  16 harpies
  28 wolf spiders
  16 orb spiders
  2 salamanders (shapeshifter)
  2 orc sorcerers
  3 salamanders (Depths:1)
  An oklob plant (D:9)
  12 fauns
  12 cyclopes
  16 manticores
  Joseph (D:8)
  24 moths of wrath
  9 black mambas
  A black mamba (shapeshifter) (Vaults:2)
  9 elephants
  3 eyes of devastation
  A rust devil (Depths:3)
  Maurice (D:8)
  18 merfolk sirens
  2 guardian serpents (Depths:4)
  An orange demon (Depths:3)
  4 water nymphs
  3 molten gargoyles
  9 torpor snails
  12 vault sentinels
  2 ice statues (IceCv)
  8 spiny frogs
  2 smoke demons (Depths:5)
  46 yaktaurs
  9 demonic crawlers
  6 rime drakes
  3 kobold demonologists (D:13)
  A tormentor (Depths:3)
  9 freezing wraiths
  A yaktaur (shapeshifter) (Vaults:2)
  An ice devil (D:14)
  An efreet (D:14)
  A harpy zombie (D:15)
  A komodo dragon (shapeshifter) (Depths:4)
  2 yaktaur skeletons (Vaults:1)
  7 hellwings
  8 red devils
  2 tengu conjurers
  9 komodo dragons
  3 polar bears
  29 jumping spiders
  11 trolls
  3 human skeletons (Vaults:4)
  2 queen bees (shapeshifter) (Vaults:3)
  2 meliai (shapeshifter)
  27 merfolk
  A polar bear (shapeshifter) (Depths:5)
  2 trolls (shapeshifter)
  A queen bee (Lair:2)
  Grinder (D:5)
  15 slime creatures
  4 tyrant leeches (Lair:6)
  A tengu simulacrum (Vaults:1)
  6 dream sheep
  17 hornets
  Prince Ribbit (D:8)
  14 hippogriffs
  6 snapping turtles
  4 wind drakes
  A raiju (shapeshifter) (Depths:3)
  A fire giant simulacrum (Vaults:3)
  8 blink frogs
  An air elemental (Elf:3)
  A ynoxinul (D:12)
  27 tarantellas
  70 redbacks
  23 water elementals
  42 yaks
  9 wyverns
  5 spriggans
  6 fire elementals
  A steam dragon (D:11)
  6 basilisks
  6 wraiths
  2 chaos spawn
  A yak (shapeshifter) (Vaults:5)
  3 golden eyes
  A human (shapeshifter) (Vaults:4)
  4 hungry ghosts
  10 vampire mosquitoes
  A neqoxec (D:1)
  Grum (Lair:1)
  7 wargs
  Menkaure (D:5)
  2 acid dragons
  A naga (shapeshifter) (Vaults:5)
  15 water moccasins
  14 hell hounds
  2 water moccasins (shapeshifter)
  3 floating eyes
  Duvessa (D:4)
  8 porcupines
  22 ice beasts
  5 sky beasts
  60 orc warriors
  A black bear (shapeshifter) (Vaults:3)
  2 human zombies
  3 black bears
  A necrophage (D:9)
  3 phantoms
  30 ogres
  An eye of draining (D:14)
  A wolf (shapeshifter) (D:14)
  4 boggarts (Vaults:1)
  21 centaurs
  57 wolves
  14 crocodiles
  4 big kobolds
  A gnoll sergeant (D:8)
  24 bullfrogs
  3 earth elementals
  Dowan (D:4)
  A wyvern skeleton (D:9)
  A scorpion (D:14)
  30 killer bees
  A killer bee (shapeshifter) (Depths:5)
  10 wights
  6 howler monkeys
  5 lava snakes (Lair:3)
  6 electric eels
  11 crimson imps
  A bullfrog zombie (D:5)
  6 quasits
  Crazy Yiuf (D:7)
  3 centaur zombies
  An iron imp (Depths:3)
  4 hounds
  5 jellies
  2 bullfrog skeletons
  5 centaur skeletons
  17 orc priests
  27 orc wizards
  Jessica (D:2)
  3 iguanas
  Terence (D:3)
  11 worker ants
  A killer bee zombie (D:7)
  A hound skeleton (D:8)
  A worker ant zombie (D:8)
  Robin (D:3)
  7 gnolls
  11 adders
  2 river rats (D:3)
  6 shadow imps
  An ooze (Lair:6)
  An adder skeleton (D:9)
  3 worms
  2 dart slugs
  5 leopard geckos
  105 orcs
  2 ball pythons
  8 giant cockroaches
  19 goblins
  13 hobgoblins
  13 jackals
  17 kobolds
  3 quokkas
  6 bats
  7 frilled lizards
  A jackal skeleton (D:4)
  11 rats
  A bush (D:9)
  A plant (Lair:1)
  3 tentacles (Shoals:4)
2243 creatures vanquished.

Vanquished Creatures (collateral kills)
  A juggernaut (Depths:3)
  2 Killer Klowns
  A golden dragon (Zot:2)
  An electric golem (Zot:5)
  A tentacled monstrosity (Vaults:5)
  5 Orb Guardians (Zot:5)
  2 deep elf blademasters (Elf:3)
  An azure jelly (shapeshifter) (Vaults:5)
  A frost giant (Vaults:5)
  An iron dragon (Vaults:5)
  2 ironheart preservers (Vaults:5)
  2 deep elf annihilators (Elf:3)
  A red draconian (Zot:1)
  A blizzard demon (Zot:5)
  A green death (Zot:5)
  A fire dragon (Vaults:5)
  A vault guard (Vaults:5)
  An ogre mage (Vaults:5)
  A dancing weapon (Vaults:5)
  A spriggan berserker (Depths:5)
  A deep troll earth mage (Depths:2)
  2 deep trolls (Depths:2)
  A deep elf archer (Elf:3)
  3 deep elf magi
  A moth of wrath (Zot:5)
  A frost giant skeleton (Vaults:4)
  A vault sentinel (Vaults:5)
  2 yaktaurs (Depths:5)
  A tormentor (Zot:5)
  3 ogres (Vaults:5)
  A crimson imp (Depths:2)
  A jelly (Depths:2)
  An orc (Vaults:5)
47 creatures vanquished.

Vanquished Creatures (others)
  4 ancient liches (Zot:5)
  3 orbs of fire (Zot:5)
  2 Killer Klowns (Zot:5)
  A golden dragon (Vaults:5)
  4 tentacled monstrosities
  A lich (Vaults:5)
  6 Orb Guardians (Zot:5)
  A quicksilver dragon (Vaults:5)
  2 titans (Vaults:5)
  A sphinx (Vaults:5)
  A tengu reaver (Vaults:5)
  A storm dragon (Zot:5)
  2 shadow dragons
  6 fire giants
  A draconian shifter (Zot:5)
  6 vault wardens (Vaults:5)
  An orc warlord (Vaults:5)
  A very ugly thing (Vaults:5)
  A war gargoyle (Vaults:5)
  2 ironheart preservers (Vaults:5)
  A draconian annihilator (Zot:5)
  A deep elf demonologist (Vaults:5)
  A deep elf annihilator (Elf:3)
  2 yellow draconians (Zot:5)
  3 white draconians (Zot:5)
  2 black draconians (Zot:5)
  2 purple draconians (Zot:5)
  3 red draconians
  3 yaktaur captains (Vaults:5)
  3 ettins (Vaults:5)
  2 deep elf high priests (Vaults:5)
  13 vault guards (Vaults:5)
  2 two-headed ogres (Vaults:5)
  26 dancing weapons
  An ogre mage (Vaults:5)
  A deep elf knight (Elf:2)
  A glowing orange brain (Depths:5)
  2 ironbrand convokers (Vaults:5)
  A necromancer (Vaults:1)
  A phantasmal warrior (Vaults:5)
  2 harpies (Vaults:5)
  A deep elf archer (Vaults:5)
  An orc knight (Vaults:5)
  A deep elf mage (Elf:3)
  2 moths of wrath (Zot:5)
  A manticore (Shoals:3)
  A water nymph (Shoals:4)
  8 yaktaurs (Vaults:5)
  A yaktaur (shapeshifter) (Vaults:5)
  A hornet (Vaults:5)
  A snapping turtle (Shoals:4)
  A water elemental (Shoals:4)
  A wraith (Vaults:5)
  A soldier ant (shapeshifter) (Vaults:5)
  2 orc warriors (Vaults:5)
  7 ogres
  A boggart (Vaults:1)
  2 centaurs
  A wyvern skeleton (D:15)
  A hound (D:14)
  A jelly (D:15)
  A bullfrog skeleton (D:4)
  A worker ant (D:4)
  An adder (D:4)
  An adder skeleton (D:4)
  A bush (Lair:2)
  35 fungi
  41 plants
  32 spectral weapons
  27 tentacles (Shoals:4)
  11 toadstools (D:9)
  A withered plant (D:13)
308 creatures vanquished.

Grand Total: 2598 creatures vanquished

Notes
Turn   | Place    | Note
-------+----------+-------------------------------------------
     0 | D:1      | kaycho the Barachi Fighter began the quest for the Orb.
     0 | D:1      | Reached XP level 1. HP: 18/18 MP: 1/1
   149 | D:1      | Reached skill level 1 in Dodging
   189 | D:1      | Reached XP level 2. HP: 23/25 MP: 2/2
   663 | D:1      | Reached skill level 1 in Throwing
   663 | D:1      | Reached XP level 3. HP: 29/30 MP: 3/3
  1117 | D:2      | You fall into a shaft and drop 1 floor!
  1164 | D:3      | Reached XP level 4. HP: 38/38 MP: 4/4
  1173 | D:3      | Noticed Robin
  1179 | D:3      | Killed Robin
  1271 | D:3      | Noticed Terence
  1281 | D:3      | Killed Terence
  1372 | D:3      | Reached XP level 5. HP: 34/43 MP: 5/5
  1822 | D:3      | Reached skill level 5 in Fighting
  2867 | D:2      | Noticed Jessica
  2878 | D:2      | Killed Jessica
  2878 | D:2      | Reached XP level 6. HP: 49/51 MP: 6/6
  3386 | D:4      | Noticed Pikel
  3408 | D:4      | Killed Pikel
  3408 | D:4      | Reached skill level 5 in Throwing
  3408 | D:4      | Reached XP level 7. HP: 8/58 MP: 7/7
  3816 | D:4      | Noticed Dowan
  3817 | D:4      | Noticed Duvessa
  3826 | D:4      | Killed Dowan
  3850 | D:4      | Killed Duvessa
  3850 | D:4      | Reached skill level 1 in Short Blades
  3850 | D:4      | Reached XP level 8. HP: 19/65 MP: 8/8
  4548 | D:5      | Entered Level 5 of the Dungeon
  4624 | D:5      | Noticed Menkaure
  4729 | D:5      | Reached skill level 1 in Stealth
  4740 | D:5      | Reached skill level 4 in Armour
  4740 | D:5      | Reached skill level 5 in Dodging
  4987 | D:5      | Noticed Grinder
  5014 | D:5      | Killed Grinder
  5079 | D:5      | Found a sacrificial altar of Ru.
  5571 | D:5      | Killed Menkaure
  5571 | D:5      | Reached skill level 5 in Armour
  5571 | D:5      | Reached XP level 9. HP: 72/72 MP: 9/9
  5820 | D:6      | Reached skill level 5 in Short Blades
  6173 | D:6      | Found a hazy altar of Hepliaklqana.
  6174 | D:6      | Found an iron altar of Okawaru.
  6382 | D:6      | Found a staircase to the Ecumenical Temple.
  6393 | Temple   | Entered the Ecumenical Temple
  6523 | Temple   | Became a worshipper of Gozag Ym Sagoz the Greedy
  7401 | D:7      | Found a runed translucent door.
  7402 | D:7      | Noticed Crazy Yiuf
  7407 | D:7      | Killed Crazy Yiuf
  7505 | D:8      | Noticed Joseph
  7519 | D:8      | Killed Joseph
  7570 | D:8      | Reached XP level 10. HP: 82/82 MP: 10/10
  7683 | D:8      | Reached skill level 5 in Stealth
  7775 | D:8      | Reached skill level 5 in Long Blades
  7964 | D:8      | Found a staircase to the Lair.
  8131 | D:8      | Noticed Prince Ribbit
  8141 | D:8      | Killed Prince Ribbit
  8399 | D:8      | Noticed Maurice
  8430 | D:8      | Paralysed by Maurice for 6 turns
  8440 | D:8      | Paralysed by something for 6 turns
  8449 | D:8      | Paralysed by something for 2 turns
  8452 | D:8      | Killed Maurice
  8452 | D:8      | Reached skill level 10 in Fighting
  8667 | D:9      | Noticed a manticore
  8667 | D:9      | Noticed a white ugly thing
  8683 | D:9      | Killed a white ugly thing
  8695 | D:9      | Killed a manticore
  8782 | D:9      | Got a heavily runed bronze ring
  8808 | D:9      | Found a sacrificial altar of Ru.
  8808 | D:9      | Found a shimmering blue altar of Sif Muna.
  8819 | D:9      | Found an ancient bone altar of Kikubaaqudgha.
  8819 | D:9      | Found a glowing silver altar of Zin.
  8852 | D:9      | Found a blossoming altar of Fedhas.
  8938 | D:9      | Reached XP level 11. HP: 92/92 MP: 11/11
  9017 | D:9      | Noticed a deep elf mage
  9018 | D:9      | Noticed a cyclops
  9071 | D:9      | Killed a deep elf mage
  9277 | D:9      | Found Eceny's Book Shoppe.
  9288 | D:9      | Bought a book of Cantrips for 260 gold pieces
  9288 | D:9      | Bought a book of Cantrips for 260 gold pieces
  9290 | D:9      | Learned a level 1 spell: Confusing Touch
  9295 | D:9      | Learned a level 4 spell: Summon Lightning Spire
  9471 | D:9      | Killed a cyclops
  9471 | D:9      | Reached skill level 1 in Hexes
  9802 | D:9      | Noticed an oklob plant
  9863 | D:9      | Got a warped crystal amulet
  9872 | D:9      | Identified the amulet of Qasippef {Spirit rC+} (You found
                  | it on level 9 of the Dungeon)
 10291 | Lair:1   | Entered Level 1 of the Lair of Beasts
 10291 | Lair:1   | Noticed a six-headed hydra
 10320 | D:8      | Killed a nine-headed hydra
 11590 | Lair:1   | Noticed Grum
 11615 | Lair:1   | Killed Grum
 12103 | Lair:1   | You fall into a shaft and drop 1 floor!
 12117 | Lair:2   | Found a frozen archway.
 12219 | IceCv    | Entered an ice cave
 12331 | IceCv    | Reached XP level 12. HP: 102/102 MP: 12/12
 12795 | IceCv    | Noticed an ice dragon
 12797 | IceCv    | Noticed an ice dragon
 12805 | IceCv    | Killed an ice dragon
 12805 | IceCv    | Reached skill level 10 in Dodging
 12805 | IceCv    | Reached skill level 5 in Hexes
 12811 | IceCv    | Killed an ice dragon
 12811 | IceCv    | Reached skill level 10 in Long Blades
 12999 | IceCv    | Got a brightly glowing jade ring
 14155 | Lair:2   | Noticed a six-headed hydra
 14172 | Lair:2   | Killed a six-headed hydra
 14608 | Lair:2   | Gained mutation: You can hop long distances. [Barachi
                  | growth]
 14608 | Lair:2   | Reached XP level 13. HP: 111/111 MP: 13/13
 16118 | Lair:3   | Reached skill level 5 in Shields
 16616 | Lair:3   | Identified the ring "Tenuafax" {Fire rN+ MR++ Dex+2} (You
                  | found it in an ice cave)
 16624 | Lair:3   | Found a hole to the Spider Nest.
 17708 | Lair:4   | Found a dark tunnel.
 17736 | Volcano  | Entered a volcano
 19033 | Lair:4   | Identified the ring "Cexiatoi" {rPois rN++ MR+ Str-4 SInv}
                  | (You found it on level 9 of the Dungeon)
 19145 | Lair:4   | Found a runed translucent gate.
 19145 | Lair:4   | Found a runed translucent gate.
 19145 | Lair:4   | Found a runed translucent gate.
 19145 | Lair:4   | Noticed mahrnol's ghost (journeyman DsCK)
 19145 | Lair:4   | Noticed Aricsoirch's ghost (journeyman GrFi)
 19400 | Lair:4   | Found a staircase to the Shoals.
 19949 | Lair:5   | Got a jet-encrusted ring mail
 19987 | Lair:4   | Identified the cursed +1 ring mail of Daffodils {Int+4}
                  | (You found it on level 5 of the Lair of Beasts)
 20079 | Lair:5   | Reached XP level 14. HP: 107/120 MP: 14/14
 21292 | Lair:6   | Entered Level 6 of the Lair of Beasts
 22410 | Lair:6   | Found a runed translucent door.
 22410 | Lair:6   | Found a viscous altar of Jiyva.
 22410 | Lair:6   | Found a staircase to the Slime Pits.
 22700 | Lair:6   | Got a heavily runed leather armour
 22735 | Lair:6   | Identified the +1 leather armour of Elyvilon's Delight
                  | {rPois rN+ Dex+2} (You found it on level 6 of the Lair of
                  | Beasts)
 22915 | Lair:6   | Reached skill level 10 in Hexes
 23056 | Lair:6   | Paralysed by a hornet for 1 turns
 23206 | Lair:6   | Found a runed translucent door.
 23617 | Lair:6   | Reached skill level 15 in Fighting
 23919 | D:10     | Entered Level 10 of the Dungeon
 24101 | D:10     | Reached XP level 15. HP: 128/129 MP: 15/15
 24150 | D:10     | Noticed Gastronok
 24178 | D:10     | Killed Gastronok
 24253 | D:10     | Noticed Urug
 24314 | D:10     | Noticed Erolcha
 24326 | D:10     | Killed Erolcha
 24493 | D:10     | Killed Urug
 25498 | D:11     | Noticed Fannar
 25526 | D:11     | Killed Fannar
 25568 | D:11     | Found a staircase to the Orcish Mines.
 25588 | D:11     | Found a roughly hewn altar of Beogh.
 25592 | D:11     | Reached skill level 10 in Shields
 26842 | D:12     | Noticed a fire giant
 26842 | D:12     | Noticed a fire giant
 26890 | D:12     | Killed a fire giant
 26895 | D:12     | Killed a fire giant
 27593 | Orc:1    | Entered Level 1 of the Orcish Mines
 27657 | Orc:1    | Noticed an orc warlord
 27661 | Orc:1    | Gained mutation: You tend to lose your temper in combat. [a
                  | neqoxec]
 27942 | D:11     | Killed an orc warlord
 28484 | Orc:2    | Entered Level 2 of the Orcish Mines
 28594 | Orc:2    | Found a staircase to the Elven Halls.
 28595 | Orc:2    | Found Rodaa's Antique Weapon Shop.
 28600 | Orc:2    | Noticed an orc warlord
 28631 | Orc:2    | Paralysed by an orc sorcerer for 4 turns
 28676 | Orc:1    | Killed an orc warlord
 28906 | Orc:2    | Paralysed by an orc sorcerer for 6 turns
 29038 | Orc:2    | Found Socash's Antique Armour Boutique.
 29040 | Orc:2    | Noticed an orc warlord
 29061 | Orc:1    | Reached skill level 15 in Dodging
 29085 | Orc:2    | Killed an orc warlord
 29372 | Orc:2    | Found Efimatir's Book Emporium.
 29577 | Orc:2    | Found Gaitups's General Store.
 29592 | Orc:2    | Reached XP level 16. HP: 136/136 MP: 16/16
 29956 | Orc:2    | Bought a spiked helmet for 209 gold pieces
 29956 | Orc:2    | Bought a pair of glowing gloves for 165 gold pieces
 29979 | Orc:2    | Identified the +1 helmet "Gyal" {rElec rCorr} (You bought
                  | it in a shop on level 2 of the Orcish Mines)
 30003 | Orc:2    | Bought an iridescent long sword for 229 gold pieces
 30003 | Orc:2    | Identified the +9 long sword "Monwot" {freeze, rC+ MP+9
                  | Dex+4 Stlth+} (You bought it in a shop on level 2 of the
                  | Orcish Mines)
 30365 | D:13     | Found a runed translucent gate.
 30365 | D:13     | Found a runed translucent gate.
 30366 | D:13     | Found a runed translucent gate.
 30367 | D:13     | Noticed Mesmaeker13's ghost (journeyman DrCj)
 30367 | D:13     | Noticed p0werm0de's ghost (journeyman VSWn)
 30368 | D:13     | Noticed HilariousDeathArtist's ghost (journeyman VSBe)
 30368 | D:13     | Noticed 00Nightcrawler's ghost (journeyman VSTm)
 30630 | D:13     | Lost mutation: You tend to lose your temper in combat.
                  | [potion of mutation]
 30630 | D:13     | Gained mutation: You are robust. (+10% HP) [potion of
                  | mutation]
 30630 | D:13     | Gained mutation: You possess an exceptional clarity of
                  | mind. [potion of mutation]
 30630 | D:13     | Gained mutation: You have sharp toenails. [potion of
                  | mutation]
 30731 | D:13     | Found a portal to a secret trove of treasure.
 30781 | D:12     | Killed 00Nightcrawler's ghost
 30806 | D:12     | Killed p0werm0de's ghost
 30837 | D:13     | Killed Mesmaeker13's ghost
 30906 | D:13     | Killed HilariousDeathArtist's ghost
 30930 | D:13     | Got a translucent hat
 30941 | D:13     | Identified the +0 hat of Jesicuma {MR+ Str-5 Dex+4 Stlth+}
                  | (You found it on level 13 of the Dungeon)
 31743 | D:14     | Noticed Frances
 31805 | D:14     | Killed Frances
 32054 | D:14     | Found a gate to the Vaults.
 32274 | D:15     | Entered Level 15 of the Dungeon
 32408 | D:14     | Reached skill level 6 in Armour
 32485 | D:15     | Found Soesoil's Assorted Antiques.
 32494 | D:15     | Bought a scroll labeled QUPYTZENTA for 35 gold pieces
 32494 | D:15     | Bought a scroll of identify for 70 gold pieces
 32494 | D:15     | Bought a potion of haste for 350 gold pieces
 32681 | D:15     | Noticed Azrael
 32697 | D:15     | Killed Azrael
 32883 | D:15     | Reached skill level 7 in Armour
 32998 | D:15     | Reached skill level 15 in Shields
 33017 | D:15     | Found a staircase to the Depths.
 33207 | D:15     | Found a hide-covered altar of Uskayaw.
 33500 | Lair:1   | Reached skill level 1 in Summonings
 33876 | Spider:1 | Entered Level 1 of the Spider Nest
 33896 | Spider:1 | Reached skill level 8 in Armour
 34067 | Spider:1 | Reached XP level 17. HP: 153/156 MP: 17/17
 34297 | Spider:1 | Identified a scroll of acquirement
 34313 | Spider:1 | Reached skill level 9 in Armour
 34992 | Spider:2 | Reached skill level 5 in Summonings
 35262 | Spider:1 | Reached skill level 10 in Armour
 35425 | Spider:2 | Found a runed translucent gate.
 35425 | Spider:2 | Found a runed translucent gate.
 35426 | Spider:2 | Found a runed translucent gate.
 35429 | Spider:2 | Noticed Bogie's ghost (adept GnTm)
 35659 | Spider:2 | Killed Bogie's ghost
 36345 | Spider:3 | Reached skill level 11 in Armour
 36804 | Spider:4 | Entered Level 4 of the Spider Nest
 37084 | Spider:3 | Reached skill level 12 in Armour
 37780 | Spider:4 | Reached skill level 1 in Air Magic
 38208 | Spider:4 | Reached skill level 13 in Armour
 38426 | Spider:4 | Reached XP level 18. HP: 124/163 MP: 0/18
 38856 | Spider:4 | Reached skill level 5 in Air Magic
 39514 | Spider:4 | Got a gossamer rune of Zot
 39787 | Shoals:1 | Entered Level 1 of the Shoals
 39977 | Lair:4   | Killed mahrnol's ghost
 39977 | Lair:4   | Reached skill level 14 in Armour
 40011 | Lair:4   | Killed Aricsoirch's ghost
 40086 | Lair:4   | Bought the +4 chain mail of Dice, Bag, and Bottle {rCorr
                  | Str-2 Dex+8 Slay+6} for 1423 gold pieces
 40247 | Shoals:1 | Noticed Donald
 40264 | Shoals:1 | Killed Donald
 41243 | Shoals:2 | Found a runed translucent door.
 41747 | Shoals:1 | Reached skill level 15 in Armour
 42013 | Shoals:3 | Noticed Bai Suzhen
 42040 | Shoals:3 | Noticed Ilsuiw
 42065 | Shoals:3 | Killed Bai Suzhen
 42208 | Shoals:3 | Killed Ilsuiw
 42907 | Shoals:4 | Entered Level 4 of the Shoals
 42987 | Shoals:4 | Reached skill level 10 in Summonings
 43180 | Shoals:4 | Reached skill level 10 in Air Magic
 43180 | Shoals:4 | Reached XP level 19. HP: 67/170 MP: 19/19
 43725 | Shoals:4 | Identified the Almanac of Displacement
 44041 | Shoals:4 | Identified the amulet "Pygom" {Spirit Str+4} (You found it
                  | on level 4 of the Shoals)
 44390 | Shoals:4 | Got a slimy shield
 44401 | Shoals:4 | Identified the +3 shield of the Blessed Realm {rPois} (You
                  | found it on level 4 of the Shoals)
 44429 | Shoals:4 | Reached skill level 1 in Spellcasting
 44794 | Shoals:4 | Got a barnacled rune of Zot
 45046 | Shoals:4 | Got a faintly glowing arbalest
 45610 | Vaults:1 | Entered Level 1 of the Vaults
 45706 | Vaults:1 | Got a pair of translucent boots
 45717 | Vaults:1 | Identified the cursed +0 pair of boots of Fios {rF++ MP-9}
                  | (You found it on level 1 of the Vaults)
 46611 | Vaults:1 | Found a shimmering blue altar of Sif Muna.
 46714 | Vaults:1 | Found Gis Luym's Antique Weapon Shop.
 46718 | Vaults:1 | Bought a dazzling falchion for 296 gold pieces
 46718 | Vaults:1 | Bought a translucent long sword for 314 gold pieces
 46721 | Vaults:1 | Identified the +9 falchion of Chaos {flame, +Inv rPois
                  | Str-3 Int+7} (You bought it in a shop on level 1 of the
                  | Vaults)
 46722 | Vaults:1 | Identified the +11 long sword of Akhit {slice, rPois rC-
                  | Dex+3} (You bought it in a shop on level 1 of the Vaults)
 47715 | Vaults:2 | Reached skill level 5 in Spellcasting
 47715 | Vaults:2 | Reached XP level 20. HP: 182/182 MP: 27/27
 47749 | Vaults:2 | Found Maeqenlu's Assorted Antiques.
 47891 | Vaults:2 | Noticed Sojobo
 47934 | Vaults:2 | Killed Sojobo
 48115 | Vaults:2 | Found a staircase to the Crypt.
 49239 | Vaults:2 | Reached skill level 16 in Armour
 50884 | Vaults:3 | Reached XP level 21. HP: 45/194 MP: 6/32
 51651 | Vaults:4 | Found a flickering gateway to a bazaar.
 51680 | Bazaar   | Entered a bazaar
 51693 | Bazaar   | Found Duicuc Paqo's Jewellery Emporium.
 51694 | Bazaar   | Found Hesy's Antique Weapon Emporium.
 51729 | Bazaar   | Found Dipt's Antique Armour Shoppe.
 51730 | Bazaar   | Found Wushriric's Weapon Shoppe.
 51767 | Bazaar   | Bought a transparent demon blade for 480 gold pieces
 51767 | Bazaar   | Identified the +6 demon blade of Futwequc {freeze, Int+4}
                  | (You bought it in a shop in a bazaar)
 53659 | Elf:1    | Entered Level 1 of the Elven Halls
 53997 | Elf:1    | Reached skill level 17 in Armour
 54035 | Elf:1    | Identified the Incunabulum of Confrontation
 54049 | Elf:1    | Found a radiant altar of Vehumet.
 55023 | Elf:2    | Found a runed translucent gate.
 55024 | Elf:2    | Found a runed translucent gate.
 55024 | Elf:2    | Found a runed translucent gate.
 55320 | Elf:2    | Got a smelly leather armour
 56325 | Elf:3    | Entered Level 3 of the Elven Halls
 56347 | Elf:3    | Noticed Mara
 56352 | Elf:3    | Noticed kaycho's illusion
 56357 | Elf:3    | Killed Mara
 56357 | Elf:3    | Reached XP level 22. HP: 193/209 MP: 20/35
 56492 | Elf:3    | Found a huge runed gate.
 56492 | Elf:3    | Found a huge runed gate.
 56493 | Elf:3    | Found a huge runed gate.
 56514 | Elf:3    | Found a huge runed gate.
 56514 | Elf:3    | Found a huge runed gate.
 56515 | Elf:3    | Found a huge runed gate.
 56515 | Elf:3    | Found a huge runed gate.
 56516 | Elf:3    | Found a huge runed gate.
 56516 | Elf:3    | Found a huge runed gate.
 56516 | Elf:3    | Found a huge runed gate.
 56516 | Elf:3    | Found a huge runed gate.
 56669 | Elf:3    | Reached skill level 18 in Armour
 57005 | Elf:3    | Found Sesmao's Magic Scroll Shoppe.
 57007 | Elf:3    | Found Kukhlenyo's Armour Emporium.
 57012 | Elf:3    | Found Oschasmu's Antique Weapon Shoppe.
 57015 | Elf:3    | Found Zyaruena's Magic Scroll Emporium.
 57080 | Elf:3    | Found a huge runed gate.
 57080 | Elf:3    | Found a huge runed gate.
 57080 | Elf:3    | Found a huge runed gate.
 57080 | Elf:3    | Found a huge runed gate.
 57080 | Elf:3    | Found a huge runed gate.
 57080 | Elf:3    | Found a huge runed gate.
 57080 | Elf:3    | Found a huge runed gate.
 57081 | Elf:3    | Found a huge runed gate.
 57097 | Elf:3    | Found a huge runed gate.
 57113 | Elf:3    | Found Zoesotoc's Antique Weapon Shop.
 57301 | Elf:3    | Found a huge runed gate.
 57305 | Elf:3    | Found a huge runed gate.
 57305 | Elf:3    | Found a huge runed gate.
 57305 | Elf:3    | Found a huge runed gate.
 57306 | Elf:3    | Found a huge runed gate.
 57307 | Elf:3    | Found a huge runed gate.
 57307 | Elf:3    | Found a huge runed gate.
 57431 | Elf:3    | Identified the cursed +1 triple sword "Bash" {drain, *Rage
                  | MR+ Int+4 SInv}
 57435 | Elf:3    | Identified the cursed +2 mace of Summertime {crush, +Fly
                  | rElec Dex-2 Stlth+}
 57889 | Elf:3    | Identified the +7 hand axe "Walea" {holy, +Rage +Inv +Fly
                  | rF-}
 57908 | Elf:3    | Identified the +9 hand axe of Abuse {holy, Fragile rElec
                  | rN+++ Str+3}
 57916 | Elf:3    | Identified the ring "Zeso" {+Blink rN+ AC+6}
 58088 | Elf:3    | Identified the ring of Moderation {*Contam rElec rPois rC+
                  | Str+4}
 58107 | Elf:3    | Identified the +3 ring mail of Mental Paralysis {rC+ rCorr
                  | Int+2}
 58515 | Elf:3    | Identified the Grimoire of Fiery Flight
 58525 | Elf:3    | Identified the Guide on Noxious Talismans
 58641 | Elf:3    | Identified Fixo's Reference Book on Warped Black Rites
 58654 | Elf:3    | Identified Bosextay's Grimoire of Translocation
 58741 | Elf:3    | Learned a level 3 spell: Spectral Weapon
 59204 | Elf:3    | Lost mutation: You possess an exceptional clarity of mind.
                  | [a cacodemon]
 59215 | Elf:3    | Reached skill level 19 in Armour
 59560 | Elf:3    | Found Zoesotoc's Antique Weapon Shop.
 59903 | Elf:3    | Found Sesmao's Magic Scroll Shoppe.
 59904 | Elf:3    | Found Kukhlenyo's Armour Emporium.
 59904 | Elf:3    | Found Oschasmu's Antique Weapon Shoppe.
 59907 | Elf:3    | Found Zyaruena's Magic Scroll Emporium.
 60280 | Depths:1 | Entered Level 1 of the Depths
 60301 | Depths:1 | Found a one-way gate to the infinite horrors of the Abyss.
 60493 | Depths:1 | Reached skill level 20 in Armour
 60761 | Depths:1 | Found a shattered altar of Ashenzari.
 60816 | Depths:1 | Reached XP level 23. HP: 149/215 MP: 7/36
 61305 | Depths:1 | Found a gateway to Hell.
 61402 | Depths:2 | Noticed the Enchantress
 61414 | Depths:2 | Paralysed by a floating eye for 4 turns
 62022 | Depths:2 | Killed the Enchantress
 62228 | Depths:2 | Reached skill level 21 in Armour
 62334 | Depths:2 | Found a sparkling altar of Nemelex Xobeh.
 62936 | Depths:2 | Reached skill level 22 in Armour
 64060 | Depths:3 | Found a gateway to a ziggurat.
 64348 | Depths:3 | Found a one-way gate leading to the halls of Pandemonium.
 64572 | Depths:3 | Reached skill level 23 in Armour
 64746 | Depths:3 | Noticed a juggernaut
 64756 | Depths:3 | Killed a juggernaut
 64792 | Depths:3 | Noticed a juggernaut
 65171 | Depths:3 | Killed a juggernaut
 65423 | Depths:3 | Noticed a caustic shrike
 65433 | Depths:3 | Killed a caustic shrike
 65433 | Depths:3 | Reached XP level 24. HP: 200/224 MP: 21/36
 65439 | Depths:3 | Got a shimmering falchion
 65556 | Depths:3 | Reached skill level 24 in Armour
 66008 | Depths:4 | Noticed Jory
 66058 | Depths:4 | Killed Jory
 66540 | Depths:4 | Found Gozag's Antique Armour Shoppe.
 66543 | Depths:4 | Found Gozag's Antique Weapon Emporium.
 66545 | Depths:4 | Found Gozag's Antique Armour Shoppe.
 66546 | Depths:4 | Found an opulent altar of Gozag.
 66887 | Depths:4 | Noticed Frederick
 66901 | Depths:4 | Killed Frederick
 66901 | Depths:4 | Reached skill level 25 in Armour
 67552 | Depths:5 | Entered Level 5 of the Depths
 68492 | Depths:5 | Reached skill level 26 in Armour
 68937 | Depths:5 | Identified the cursed +0 falchion of Izut {slice, MP+9
                  | Dex+6} (You found it on level 3 of the Depths)
 69231 | Depths:5 | Reached XP level 25. HP: 161/231 MP: 27/36
 69561 | Depths:5 | Found a gate to the Realm of Zot.
 70521 | Vaults:5 | Entered Level 5 of the Vaults
 70541 | Vaults:5 | Reached skill level 27 in Armour
 70603 | Vaults:5 | Noticed Mennas
 70635 | Vaults:5 | Identified the ring "Onich" {*Drain rF++ rN+ Dex+4 Stlth+}
 70643 | Vaults:5 | Killed Mennas
 71179 | Vaults:5 | Found the amulet of the Air {Inacc +Fly rElec EV+5 RMsl}
 71984 | Vaults:5 | Identified the Compendium of Weightlessness
 72646 | Vaults:5 | Got a silver rune of Zot
 73336 | Depths:5 | Bought a pair of runed boots for 382 gold pieces
 73349 | Depths:5 | Bought a potion of heal wounds for 150 gold pieces
 73356 | Zot:1    | Entered Level 1 of the Realm of Zot
 73999 | Zot:1    | Reached XP level 26. HP: 150/246 MP: 9/36
 74746 | Zot:2    | Found Saeropp's Changing Room.
 75340 | Zot:2    | Noticed a Killer Klown
 75432 | Zot:2    | Killed a Killer Klown
 76950 | Zot:3    | Got an ichor-stained shield
 76961 | Zot:3    | Identified the -7 shield of the Hunter {MR+ MP+9 Dex+2}
                  | (You acquired it on level 3 of the Realm of Zot)
 78347 | Zot:4    | Reached XP level 27. HP: 139/260 MP: 13/36
 79321 | Zot:4    | Got a faintly glowing ring mail
 79322 | Zot:4    | Identified the cursed +0 ring mail of the Lair of Beasts
                  | {Int+4} (You found it on level 4 of the Realm of Zot)
 79655 | Zot:5    | Entered Level 5 of the Realm of Zot
 79875 | Zot:5    | Noticed an ancient lich
 79875 | Zot:5    | Noticed an orb of fire
 79876 | Zot:5    | Noticed an orb of fire
 79879 | Zot:5    | Noticed an ancient lich
 79883 | Zot:5    | Killed an ancient lich
 79885 | Zot:5    | Killed an ancient lich
 79897 | Zot:5    | Killed an ancient lich
 79908 | Zot:5    | Noticed an orb of fire
 79949 | Zot:5    | Killed an ancient lich
 79963 | Zot:5    | Killed an orb of fire
 79984 | Zot:5    | Killed an orb of fire
 80021 | Zot:5    | Noticed an ancient lich
 80030 | Zot:5    | Killed an ancient lich
 80413 | Zot:5    | Noticed an ancient lich
 80422 | Zot:5    | Killed an ancient lich
 80527 | Zot:5    | Noticed an ancient lich
 81065 | Zot:5    | Got the Orb of Zot
 81143 | Zot:5    | Noticed Faubuqurch the pandemonium lord
 81821 | D:5      | Noticed Onuic the pandemonium lord
 81959 | D:$      | Escaped with the Orb!

Levels and vault maps discovered:
D:1:      mrwooster_arrival_statue_3, layout_loops_cross, st_stairs_14
D:2:      layout_basic, first_ration, uniq_jessica
D:3:      layout_basic, portal_sewer_entry_e, uniq_robin, uniq_terence
D:4:      layout_loops_ring, uniq_pikel, uniq_duvessa
D:5:      layout_basic, hangedman_ru_absence, uniq_grinder, uniq_menkaure
D:6:      layout_cave_pods, gammafunk_temple_overflow_statue, temple_green
D:7:      layout_rooms, uniq_crazy_yiuf_cottage
D:8:      layout_loops_ring, grunt_lair_entry_orc_guard_hut, uniq_joseph,
          uniq_prince_ribbit1, uniq_maurice
D:9:      minmay_the_grid_octo_triangle [minmay_the_grid_octo_shrine,
          minmay_the_grid_octo_prize_big_c, minmay_the_grid_octo_teeth],
          layout_stronghold, serial_shops, shop, the_bakery, tgw_fedhas
D:10:     layout_loops_ring, minmay_lizard_king, uniq_gastronok, uniq_urug,
          uniq_erolcha
D:11:     minmay_spotlight, layout_loops_ring, minmay_orc_entry_temple_small,
          fungi_pond_lemuel, uniq_fannar
D:12:     kennysheep_four_of_diamonds, layout_loops_corners, serial_rivers,
          chequers_serial_rivers_micro_a, chequers_serial_rivers_micro_b,
          chequers_serial_rivers_micro_c, chequers_serial_rivers_micro_e,
          chequers_serial_rivers_room_a, chequers_serial_rivers_micro_a
D:13:     layout_cross, gammafunk_ghost_cemetery, enter_trove_0
D:14:     layout_long_grid, david_vaults_2, uniq_frances
D:15:     grunt_enter_depths_snipers, layout_rooms, basic_altar, serial_shops,
          nicolae_shop_stone, uniq_azrael
Temple:   regret_index_temple_chain_breaker
Lair:1:   layout_roguey, grunt_megastairs_2, uniq_grum
Lair:2:   layout_roguey [special_room_bee], portal_ice_cave_entry_pillars_2,
          eino_small_chamber_without_monster, chequers_serial_rivers_large_a,
          chequers_serial_rivers_marsh, chequers_serial_rivers_small_3,
          grunt_forest_large_clearings
Lair:3:   cheibrodos_magma_flow, layout_regular_city,
          spider_nest_entry_funnel_web
Lair:4:   layout_gridlike, elwin_shoals_entry_rooms, gammafunk_ghost_cemetery,
          nicolae_volcano_entry_lava_flow
Lair:5:   layout_cave_pods, forest_entry_grove, lemuel_fruit_fields
Lair:6:   hangedman_lair_in_review, layout_regular_city, wormcave, slime_altar_2
Shoals:1: layout_shoals, uniq_donald
Shoals:2: layout_shoals, lightli_airlock
Shoals:3: layout_shoals, uniq_ilsuiw, uniq_bai_suzhen
Shoals:4: shoals_end_simple, layout_shoals
Spider:1: layout_spider_delve
Spider:2: layout_spider_delve, ebering_ghost_rock_garden
Spider:3: layout_spider_delve, drop_trap
Spider:4: spider_rune_water, drop_trap
Orc:1:    layout_caves
Orc:2:    grunt_orc_gardens, layout_diamond_mine, grunt_orc_garden,
          grunt_orc_garden, grunt_orc_garden, grunt_orc_garden,
          lemuel_statue_altar
Elf:1:    layout_loops_corners, basic_altar, minmay_elf_annihilation,
          nooodl_food_tri
Elf:2:    layout_geoelf_octagon, minivault_20
Elf:3:    minmay_elf_hall_furrowed, layout_geoelf_grid, serial_shops,
          shop_fountains, door_vault, minmay_shoptagon, uniq_mara
Vaults:1: vaults_dpeg_diagonal, nicolae_vaults_windows_and_doors_thing,
          nicolae_vaults_mini_display_case, ontoclasm_vaults_idyll,
          vaults_room_door_ring, vaults_mumra_hex, ontoclasm_vaults_ring_large,
          nicolae_vaults_hallways_thing, nicolae_vaults_three_branches,
          grunt_vaults_hallway_long, grunt_vaults_hallway_long,
          vaults_dpeg_ring, layout_vaults_ring, basic_altar, serial_shops, shop
Vaults:2: vaults_dpeg_doors, nicolae_vaults_puzzle_piece, v_misc_29,
          minmay_crypt_entry_simple_corners, nicolae_vaults_little_squares_6,
          grunt_vaults_focal, v_misc_17, vaults_room_stairs_pillars,
          vaults_room_grid, layout_vaults_big_room, serial_shops, shop,
          uniq_sojobo
Vaults:3: vaults_room_large_hall, hangedman_vaults_stitches,
          ontoclasm_vaults_fault, v_alt_pattern_1, st_diamondy,
          vaults_dpeg_encased_lava, ontoclasm_vaults_ring_small,
          nicolae_vaults_ring_of_whatevers, nicolae_vaults_shelves_hall,
          layout_vaults_omnibox
Vaults:4: v_misc_4, nicolae_vaults_branching_niches, v_pattern_1,
          v_alt_pattern_1, ontoclasm_vaults_gateway, vaults_mumra_hexcomb,
          nicolae_vaults_alarming, layout_vaults_omnigrid, serial_shops,
          bzr_entry_lakeside
Vaults:5: serial_shops, uniq_mennas
Depths:1: layout_roguey, grunt_hell_horde, minmay_misc_feat_cross, abyss_entry,
          serial_sigils_hangedman_scar, evilmike_ruin_ashenzari,
          infiniplex_staircase_pool_lava
Depths:2: hangedman_surveillance_ring, layout_small_grid, hellmouth_3,
          nemelex_xobeh_ov_fountains_minmay, lightli_fourway_metalbox,
          uniq_enchantress
Depths:3: evilmike_pillar_path, layout_cave_pools, enter_ziggurat_b,
          pf_hell_entry_tar_spiral, serial_bayou_shore_a,
          grunt_pan_entry_spiral, corexii_corridor_pit,
          minmay_staircase_windowed_large
Depths:4: kennysheep_gozag_temple, layout_honeycomb, abyss_entry,
          hangedman_abyss_or_decor_jellyfish_corner, hell_entry,
          minmay_misc_feat_secret_circle, minmay_staircase_statues,
          serial_bayou_shore_b, uniq_frederick, uniq_jory
Depths:5: grunt_zot_entry_gee_three, layout_honeycomb, hell_entry, st_stairs_1
Zot:1:    layout_misc_corridors
Zot:2:    layout_onion_interference, nicolae_transmutations_shop,
          zot_minivault_1
Zot:3:    layout_onion_interference
Zot:4:    layout_gridville, st_stairs_7, hangedman_elemental_corridor
Zot:5:    layout_basic

Skill      XL: |  1  2  3  4  5  6  7  8  9 10 11 12 13 14 15 16 17 18 19 20 21 22 23 24 25 26 27 |
---------------+----------------------------------------------------------------------------------+-----
Dodging        | 1 2 3 4 5 7 9 11 12 13 15 16 17 18 20 21 23 24 | 24.6
Fighting       | 4 5 6 7 8 10 12 13 14 15 16 18 19 20 21 23 25 | 25.4
Throwing       | 1 2 3 5 6 |  6.0
Short Blades   | 1 4 6 |  6.5
Stealth        | 2 4 5 |  5.0
Armour         | 5 8 13 15 16 17 20 23 26 27 | 27.0
Long Blades    | 4 7 9 11 12 13 | 13.3
Hexes          | 4 7 8 10 11 | 11.0
Shields        | 4 6 8 12 15 | 15.0
Summonings     | 3 8 10 13 | 13.0
Air Magic      | 4 10 | 10.0
Spellcasting   | 5 7 9 |  9.0

Action                   |  1- 3 |  4- 6 |  7- 9 | 10-12 | 13-15 | 16-18 | 19-21 | 22-24 | 25-27 || total
-------------------------+-------+-------+-------+-------+-------+-------+-------+-------+-------++-------
Melee: Long sword        |    94 |   177 |       |       |       |  1907 |  1311 |       |       ||  3489
       Whip              |       |       |    28 |       |       |       |       |       |       ||    28
       Dagger            |       |       |   164 |    33 |   214 |     4 |       |       |       ||   415
       Falchion          |       |       |    70 |   833 |  1712 |   328 |       |       |       ||  2943
       Demon blade       |       |       |       |       |       |       |   514 |  1703 |  1618 ||  3835
Throw: Dart              |    22 |    37 |    21 |   113 |   124 |    56 |       |       |       ||   373
       Stone             |     2 |     6 |       |       |       |       |       |       |       ||     8
 Cast: Confusing Touch   |       |       |       |       |     5 |    32 |     2 |     2 |     3 ||    44
       Summon Lightning  |       |       |       |       |       |       |    10 |    33 |    29 ||    72
       Spectral Weapon   |       |       |       |       |       |       |       |    26 |    26 ||    52
Invok: Potion Petition   |       |       |       |     2 |     3 |     9 |     3 |     7 |     2 ||    26
       Call Merchant     |       |       |       |       |       |     1 |       |       |     4 ||     5
       Bribe Branch      |       |       |       |       |       |       |       |       |     3 ||     3
 Abil: Hop               |       |       |     3 |     2 |       |     1 |     1 |       |     1 ||     8
Evoke: Wand              |       |       |     1 |     9 |     5 |     8 |     3 |     2 |     3 ||    31
       Lamp of fire      |       |       |       |       |       |     1 |       |       |       ||     1
       Box of beasts     |       |       |       |       |       |       |       |     4 |       ||     4
  Use: Scroll            |     3 |     4 |     5 |    14 |    12 |    14 |     4 |    10 |     7 ||    73
       Potion            |       |     1 |     2 |     2 |     3 |     4 |     5 |     4 |     3 ||    24
 Stab: Distracted        |       |       |       |     9 |     8 |    20 |    21 |    21 |    25 ||   104
       Confused          |       |       |       |       |     5 |    46 |       |       |     2 ||    53
       Invisible         |       |       |       |       |       |    12 |     3 |       |       ||    15
       Sleeping          |       |       |       |       |       |       |     1 |       |       ||     1
  Eat: Chunk             |     1 |     3 |     5 |       |       |       |       |       |       ||     9
       Ration            |       |     2 |     3 |     9 |    16 |    15 |    15 |    15 |    14 ||    89
Armor: Scale mail        |    44 |    80 |     7 |       |       |       |       |       |       ||   131
       Skin              |       |    10 |       |       |       |       |       |       |       ||    10
       Chain mail        |       |       |    97 |   350 |   410 |   502 |   224 |   300 |   424 ||  2307
Dodge: Dodged            |    32 |    83 |    80 |   326 |   797 |  1338 |   975 |   814 |   968 ||  5413
Block: Shield            |    48 |    95 |    89 |   481 |  1012 |  1738 |  1382 |  1047 |  1125 ||  7017
       Rpst.: Long sword |    16 |    26 |       |       |       |   214 |   136 |       |       ||   392
       Falchion          |       |       |    10 |    86 |   169 |    31 |       |       |       ||   296
       Demon blade       |       |       |       |       |       |       |    45 |   150 |   134 ||   329
